 Dungeon Crawl Stone Soup version 0.23-a0-586-gacb4b3f (webtiles) character file.

592 ohad the Cleaver (level 7, -2/56 HPs)
             Began as a Hill Orc Gladiator on Dec 19, 2018.
             Slain by a sky beast (5 damage)
             ... on level 4 of the Dungeon.
             The game lasted 00:12:40 (4421 turns).

ohad the Cleaver (Hill Orc Gladiator)               Turns: 4421, Time: 00:12:41

Health: -2/56      AC:  5    Str: 17    XL:     7   Next: 39%
Magic:  7/7        EV: 13    Int:  8    God:
Gold:   218        SH:  0    Dex: 14    Spells: 6/6 levels left

rFire    . . .     SeeInvis .   B - +1 hand axe (flame)
rCold    . . .     Gourm    .   (no shield)
rNeg     . . .     Faith    .   j - +0 leather armour (curse)
rPois    .         Spirit   .   c - +0 helmet
rElec    .         Reflect  .   C - +0 cloak
rCorr    .         Harm     .   (no gloves)
MR       +....                  (no boots)
Stlth    +.........             k - amulet of rage
HPRegen  0.18/turn              i - +1 ring of evasion
MPRegen  0.10/turn              p - ring of protection from magic

@: lethally poisoned (-2 -> -4)
A: no striking features
a: Evoke Berserk Rage


You were on level 4 of the Dungeon.
You were not hungry.

You visited 1 branch of the dungeon, and saw 5 of its levels.

You collected 218 gold pieces.

Inventory:

Hand Weapons
 a - a +0 war axe
 z - a +0 whip of draining
 A - a +0 flail
 B - a +1 hand axe of flaming (weapon)
Missiles
 d - 3 throwing nets (quivered)
Armour
 b - a +0 leather armour
 c - a +0 helmet (worn)
 j - a cursed +0 leather armour (worn)
 l - a cursed +0 chain mail
 r - a +0 chain mail of magic resistance
 t - a cursed +0 scale mail
 C - a +0 cloak (worn)
Jewellery
 i - a +1 ring of evasion (left hand)
 k - an amulet of rage (around neck)
 p - a ring of protection from magic (right hand)
Wands
 D - a wand of acid (7)
Scrolls
 e - a scroll of random uselessness {unknown}
 h - 4 scrolls of amnesia {unknown}
 m - 6 scrolls of identify {unknown}
 n - 3 scrolls of fear {unknown}
 o - 3 scrolls of teleportation {unknown}
 w - 2 scrolls of remove curse {unknown}
 y - a scroll of enchant weapon {unknown}
Potions
 g - a potion of heal wounds {unknown}
 q - a potion of lignification {unknown}
 s - a potion of haste {unknown}
 u - a potion of degeneration {unknown}
 v - 5 potions of curing {unknown}
 x - 2 potions of might {unknown}
Comestibles
 f - 5 rations
 E - a chunk of flesh


   Skills:
 - Level 2.4 Fighting
 + Level 10.7 Axes
 - Level 1.7 Throwing
 - Level 2.4 Dodging


You had 6 spell levels left.
You didn't know any spells.
Your spell library was empty.

Dungeon Overview and Level Annotations

Branches:
Dungeon (5/15)
 Temple: D:4-7

Altars:
Elyvilon
Ru

Annotations:
D:5 Grinder, Menkaure


Message History

You feel sick. The sky beast hits you.
* * * LOW HITPOINT WARNING * * *
The sky beast shocks you.
* * * LOW HITPOINT WARNING * * *
You hit the sky beast. You burn the sky beast.
The sky beast is heavily wounded.
The sky beast hits you but does no damage.
You hit the sky beast but do no damage.
The sky beast is heavily wounded.
You hit the sky beast. You burn the sky beast.
The sky beast is severely wounded.
The sky beast closely misses you.
You hit the sky beast. You burn the sky beast.
The sky beast is severely wounded.
The sky beast flickers out of sight!
Deactivating autopickup; reactivate with Ctrl-A.
Something hits you.
* * * LOW HITPOINT WARNING * * *
Something shocks you.
You die...

####### ##.#[..#####
##........#.#######
##.........{@##.##.#####
###............[.....##..#
###........##...##.........#
#...........#..........>...#
..........#...........#...##
..........#..............#.#
......................##...###
#.##............##....#......#
#.##.................##......#


There were no monsters in sight!

Vanquished Creatures
  2 scorpions (D:4)
  A howler monkey (D:4)
  4 orc priests
  4 orc wizards
  Ijyb (D:4)
  A worker ant (D:4)
  A howler monkey skeleton (D:4)
  4 adders
  4 oozes
  An adder skeleton (D:4)
  4 worms
  2 dart slugs
  2 leopard geckos (D:1)
  11 orcs
  A ball python (D:1)
  5 giant cockroaches
  5 goblins
  12 hobgoblins
  2 jackals (D:1)
  A quokka (D:2)
  11 bats
  8 frilled lizards
  11 kobolds
  6 rats
104 creatures vanquished.

Vanquished Creatures (others)
  An adder (D:3)
1 creature vanquished.

Grand Total: 105 creatures vanquished

Notes
Turn   | Place    | Note
-------+----------+-------------------------------------------
     0 | D:1      | ohad the Hill Orc Gladiator began the quest for the Orb.
     0 | D:1      | Reached XP level 1. HP: 18/18 MP: 1/1
   121 | D:1      | Reached XP level 2. HP: 10/25 MP: 2/2
   402 | D:1      | Reached skill level 5 in Axes
   622 | D:1      | Reached XP level 3. HP: 30/30 MP: 3/3
  1281 | D:1      | Reached skill level 6 in Axes
  1478 | D:2      | Reached XP level 4. HP: 26/37 MP: 4/4
  2222 | D:2      | Reached skill level 7 in Axes
  2297 | D:3      | Reached XP level 5. HP: 35/42 MP: 5/5
  2520 | D:3      | Found a faded altar of an unknown god.
  2817 | D:4      | Found a white marble altar of Elyvilon.
  3069 | D:4      | Reached skill level 8 in Axes
  3383 | D:3      | Reached XP level 6. HP: 16/50 MP: 6/6
  3710 | D:3      | Reached skill level 9 in Axes
  4000 | D:4      | Reached skill level 10 in Axes
  4000 | D:4      | Reached XP level 7. HP: 45/56 MP: 7/7
  4315 | D:4      | Found a sacrificial altar of Ru.
  4390 | D:5      | Entered Level 5 of the Dungeon
  4390 | D:5      | Noticed Ijyb
  4390 | D:5      | Noticed Grinder
  4402 | D:4      | Killed Ijyb
  4410 | D:5      | Noticed Menkaure
  4421 | D:4      | Slain by a sky beast

Vault maps used:
D:1:      evilmike_arrival_run_for_it, minmay_box_of_dots
D:3:      chequers_ecumenical_altar_twisty, first_ration, skrybe_limestone_x
D:4:      nicolae_ru_the_path_less_chosen, minmay_temple_entry_from_below_a,
          elyvilon_altar_4
D:5:      serial_shops, shop, grunt_tough_drop, uniq_menkaure,
          uniq_crazy_yiuf_cottage, uniq_ijyb, uniq_grinder

Skill      XL: |  1  2  3  4  5  6 |
---------------+-------------------+-----
Axes           | 5 6 7 8 10 | 10.7
Fighting       | |  2.4
Throwing       | |  1.7
Dodging        | |  2.4

Action                   |  1- 3 |  4- 6 |  7- 9 || total
-------------------------+-------+-------+-------++-------
Melee: War axe           |   104 |   154 |    19 ||   277
       Hand axe          |       |       |    19 ||    19
 Stab: Sleeping          |       |     2 |       ||     2
  Eat: Chunk             |     2 |     5 |     1 ||     8
       Ration            |       |     1 |       ||     1
Armor: Leather armour    |    28 |    41 |     7 ||    76
Dodge: Dodged            |    81 |   165 |    25 ||   271

Table legend:
 A = Non-vault XP
 B = Vault XP
 C = Vault XP percentage of total XP
 D = Non-vault monster count
 E = Vault monster count
 F = Vault count percentage of total count
                 A         B        C        D         E       F
            +---------+---------+-------+---------+---------+-------
      Total |     796 |      50 |   5.9 |      97 |       8 |   7.6
            +---------+---------+-------+---------+---------+-------
        D:1 |      51 |      14 |  21.5 |      25 |       7 |  21.9
        D:2 |      69 |       0 |   0.0 |      27 |       0 |   0.0
        D:3 |     278 |       0 |   0.0 |      30 |       0 |   0.0
        D:4 |     398 |      36 |   8.3 |      15 |       1 |   6.2
            +---------+---------+-------+---------+---------+-------
